 Dungeon Crawl Stone Soup version 0.23.2-1-ga50397a (webtiles) character file.

Game seed: 11529992880954925190

47 Bluemoon111 the Digger (level 3, 0/19 HPs)
             Began as a Gargoyle Earth Elementalist on May 29, 2019.
             Slain by a worker ant (2 damage)
             ... on level 2 of the Dungeon.
             The game lasted 00:03:45 (1360 turns).

Bluemoon111 the Digger (GrEE)                       Turns: 1360, Time: 00:03:45

Health: 0/19       AC:  6    Str: 11    XL:     3   Next: 70%
Magic:  0/7        EV: 12    Int: 16    God:
Gold:   98         SH:  0    Dex: 10    Spells: 3/7 levels left

rFire    . . .     SeeInvis .   f - +0 whip
rCold    . . .     Gourm    .   (no shield)
rNeg     + . .     Faith    .   e - +0 robe
rPois    ∞         Spirit   .   r - +1 hat
rElec    +         Reflect  .   (no cloak)
rCorr    .         Harm     .   (no gloves)
MR       .....                  (no boots)
Stlth    ++........             q - amulet of rage
HPRegen  0.06/turn              (no ring)
MPRegen  0.10/turn              (no ring)

@: no status effects
A: negative energy resistance 1, electricity resistance, unbreathing,
petrification resistance, rot immunity, AC +3
a: Evoke Berserk Rage


You were on level 2 of the Dungeon.
You were not hungry.

You visited 1 branch of the dungeon, and saw 2 of its levels.

You collected 98 gold pieces.

Inventory:

Hand Weapons
 f - a +0 whip (weapon)
 p - a +0 spear
Missiles
 b - 97 stones (quivered)
Armour
 e - a +0 robe (worn)
 l - a +0 buckler
 r - a +1 hat (worn)
Jewellery
 q - an amulet of rage (around neck)
Scrolls
 a - a scroll of teleportation {unknown}
 h - a scroll of enchant weapon {unknown}
 j - a scroll of magic mapping {unknown}
 m - a scroll of remove curse {unknown}
 o - 3 scrolls of identify {unknown}
Potions
 c - a potion of brilliance {unknown}
 g - a potion of flight {unknown}
 i - a potion of might {unknown}
 k - a potion of resistance {unknown}
 n - a potion of berserk rage {unknown}
Comestibles
 d - 2 rations
 s - a chunk of flesh


   Skills:
 - Level 1.5 Dodging
 - Level 2.1 Stealth
 + Level 2.8 Spellcasting
 + Level 0.6 Conjurations
   Level 0.7 Transmutations
 + Level 4.6 Earth Magic


You had 3 spell levels left.
You knew the following spells:

 Your Spells              Type           Power        Failure   Level  Hunger
a - Sandblast             Erth           ###...       2%          1    #......
b - Stone Arrow           Conj/Erth      ##....       19%         3    ###....

Your spell library contained the following spells:

 Spells                   Type           Power        Failure   Level  Hunger
 Passwall                 Tmut/Erth      ##......     10%         2    ##.....
 Petrify                  Tmut/Erth      ##......     54%         4    #####..
 Lee's Rapid Deconstruct  Erth           ###.......   61%         5    ######.


Dungeon Overview and Level Annotations

Branches:
Dungeon (2/15)

Altars:


Innate Abilities, Weirdness & Mutations

You are resistant to torment.
Your stone body is resilient. (AC +3)
You are immune to poison.
You resist negative energy. (rN+)
You are resistant to electric shocks. (rElec)
You can survive without breathing.
You are immune to petrification.
You are immune to rotting.


Message History

The worker ant closely misses you.
You hit the worker ant but do no damage.
The worker ant is heavily wounded.
The worker ant closely misses you.
You hit the worker ant.
The worker ant is severely wounded.
The worker ant barely misses you. The worker ant bites you.
* * * LOW HITPOINT WARNING * * *
Casting: Sandblast (safe; 2% risk of failure)
Confirm with . or Enter, or press ? or * to list all spells.
Aiming: Sandblast (safe; 2% risk of failure)
Press: ? - help, Shift-Dir - straight line, f/p - worker ant
Aim: a worker ant (severely wounded)
The blast of sand hits the worker ant but does no damage.
The worker ant is severely wounded.
b - 97 stones The worker ant bites you.
* * * LOW HITPOINT WARNING * * *
The worker ant bites you.
You die...

#...........#.......+......#.
#.......######+#..###........
#............................
####.......###.#...<.........
######...###.###.#...........##
...............................
.#####...###.###.#...........##
.##......#.#.#<..#.##.#'######
........##......@.....#.#
.##........#.##.a#.####.#
...........#.##..#.# #.#
#######.##†#.##..#.# #.#
........##.#.##..#.# #.#
.#########.#.##..#.# #.#
#.#.##..#.# #.# ..#.##..#.#
#.#.##..#.#


You could see a worker ant.

Vanquished Creatures
  2 adders (D:2)
  A dart slug (D:2)
  3 leopard geckos
  2 giant cockroaches
  2 goblins
  2 hobgoblins
  3 bats (D:1)
  2 frilled lizards (D:2)
  5 kobolds
  5 rats (D:1)
27 creatures vanquished.

Notes
Turn   | Place    | Note
-------+----------+-------------------------------------------
     0 | D:1      | Bluemoon111 the Gargoyle Earth Elementalist began the quest
                  | for the Orb.
     0 | D:1      | Reached XP level 1. HP: 10/10 MP: 3/3
   281 | D:1      | Reached XP level 2. HP: 15/15 MP: 5/5
   349 | D:1      | Reached skill level 4 in Earth Magic
  1036 | D:2      | Reached XP level 3. HP: 10/19 MP: 4/7
  1041 | D:2      | Learned a level 3 spell: Stone Arrow
  1360 | D:2      | Slain by a worker ant

Skill      XL: |  1  2 |
---------------+-------+-----
Earth Magic    | 4 |  4.6
Dodging        | |  1.5
Stealth        | |  2.1
Spellcasting   | |  2.8
Conjurations   | |  0.6
Transmutations | |  0.7

Action                   || total
-------------------------++-------
Melee: Unarmed           ||     7
       Whip              ||    66
       Dagger            ||     1
 Cast: Sandblast         ||    31
 Stab: Sleeping          ||     2
  Eat: Chunk             ||     2
Armor: Robe              ||    50
Dodge: Dodged            ||    66
